 Dungeon Crawl Stone Soup version 0.23-a0-436-g57debff (webtiles) character file.

34 Lavandula the Chucker (level 3, -2/24 HPs)
             Began as an Octopode Hunter on Nov 16, 2018.
             Slain by an orc priest
             ... wielding a +0 mace
              (7 damage)
             ... on level 3 of the Dungeon.
             The game lasted 00:02:45 (358 turns).

Lavandula the Chucker (Octopode Hunter)              Turns: 358, Time: 00:02:46

Health: -2/24      AC:  1    Str: 12    XL:     3   Next: 31%
Magic:  3/3        EV: 13    Int: 13    God:
Gold:   21         SH:  0    Dex: 12    Spells: 2/2 levels left

rFire    . . .     SeeInvis .     - Unarmed
rCold    . . .     Gourm    .   (no shield)
rNeg     . . .     Faith    .   (helmet restricted)
rPois    .         Spirit   .   e - amulet of rage
rElec    .         Reflect  .   (no ring)
rCorr    .         Harm     .   (no ring)
MR       .....                  (no ring)
Stlth    +++.......             (no ring)
HPRegen  0.08/turn              (no ring)
MPRegen  0.08/turn              (no ring)
                                (no ring)
                                (no ring)

@: no status effects
A: almost no armour, stealthy swim, amphibious, 8 rings, constrict 8, camouflage
1, gelatinous body 1
a: Evoke Berserk Rage


You were on level 3 of the Dungeon.
You were not hungry.

You visited 1 branch of the dungeon, and saw 3 of its levels.

You collected 21 gold pieces.

Inventory:

Missiles
 b - 6 javelins (quivered)
 c - a throwing net
Jewellery
 e - an amulet of rage (around mantle)
Wands
 f - a wand of disintegration (20)
Scrolls
 a - a scroll of identify {unknown}
 g - a scroll of immolation {unknown}
 h - a scroll of enchant armour {unknown}
Comestibles
 d - 2 rations


   Skills:
 - Level 2.0 Fighting
 - Level 4.0 Throwing
 - Level 2.0 Dodging
 - Level 1.3 Stealth
 + Level 2.8 Unarmed Combat


You had 2 spell levels left.
You didn't know any spells.
Your spell library was empty.

Dungeon Overview and Level Annotations

Branches:
Dungeon (3/15)

Altars:


Innate Abilities, Weirdness & Mutations

You cannot wear most types of armour.
You are very stealthy in the water. (Stealth+)
You are amphibious.
You can wear up to eight rings at the same time.
You can use your tentacles to constrict eight enemies at once.
Your skin changes colour to match your surroundings (Stealth+).
Your rubbery body absorbs attacks. (AC +1, EV +1)


Message History

You tentacle-slap the giant cockroach but do no damage.
You grab the giant cockroach. You constrict the giant cockroach.
The giant cockroach bites you but does no damage.
You tentacle-slap the giant cockroach. You squeeze the giant cockroach.
You kill the giant cockroach!
An adder and 2 orcs come into view.
The adder hisses angrily.
The orc priest invokes the aid of Beogh against you.
Beogh smites you!
Ouch! That really hurt!
* * * LOW HITPOINT WARNING * * *
You tentacle-slap the orc priest but do no damage.
You grab the orc priest.
You tentacle-slap the orc priest, but do no damage.
You squeeze the orc priest, but do no damage.
You constrict the orc priest. The orc priest closely misses you.
You tentacle-slap the orc priest.
The orc priest is lightly wounded.
You constrict the orc priest. The orc priest hits you with a +0 mace!
You die...

# #########.#
......#..#
.........
...#####........
.......<....$...
..#####..†......
#.........
##@...S...
...o.oo........
###############


You could see an orc priest, an adder and 2 orcs.

Vanquished Creatures
  2 adders (D:2)
  A giant cockroach (D:3)
  4 goblins
  2 kobolds (D:2)
  A ball python (D:2)
  5 bats (D:2)
  A frilled lizard (D:2)
  2 rats (D:2)
18 creatures vanquished.

Notes
Turn   | Place    | Note
-------+----------+-------------------------------------------
     0 | D:1      | Lavandula the Octopode Hunter began the quest for the Orb.
     0 | D:1      | Reached XP level 1. HP: 14/14 MP: 1/1
    94 | D:2      | Reached skill level 1 in Unarmed Combat
   152 | D:2      | Reached XP level 2. HP: 2/19 MP: 2/2
   245 | D:2      | Reached XP level 3. HP: 10/24 MP: 3/3
   358 | D:3      | Slain by an orc priest

Vault maps used:
D:1:      denvon_arrival_planthouse, serial_forest, infiniplex_forest_corner_2,
          infiniplex_forest_end_2, infiniplex_forest_straight_2,
          infiniplex_forest_clump_large, infiniplex_forest_straight_4,
          infiniplex_forest_straight_3, infiniplex_forest_clump_large,
          infiniplex_forest_straight_5, minmay_tripent
D:3:      lemuel_upstairs_altar, first_ration

Skill      XL: |  1  2 |
---------------+-------+-----
Unarmed Combat | 1 2 |  2.8
Fighting       | |  2.0
Throwing       | |  4.0
Dodging        | |  2.0
Stealth        | |  1.3

Action                   || total
-------------------------++-------
Melee: Unarmed           ||    31
       Tentacles         ||    10
       Constrict         ||     8
       Punch             ||     1
Throw: Javelin           ||     1
       Throwing net      ||     1
 Stab: Sleeping          ||     3
       Held in net/web   ||     2
Armor: Skin              ||     4
Dodge: Dodged            ||    16

Table legend:
 A = Non-vault XP
 B = Vault XP
 C = Vault XP percentage of total XP
 D = Non-vault monster count
 E = Vault monster count
 F = Vault count percentage of total count
                 A         B        C        D         E       F
            +---------+---------+-------+---------+---------+-------
      Total |      49 |       0 |   0.0 |      18 |       0 |   0.0
            +---------+---------+-------+---------+---------+-------
        D:1 |       2 |       0 |   0.0 |       1 |       0 |   0.0
        D:2 |      44 |       0 |   0.0 |      15 |       0 |   0.0
        D:3 |       3 |       0 |   0.0 |       2 |       0 |   0.0
            +---------+---------+-------+---------+---------+-------
